 Dungeon Crawl Stone Soup version 0.31-a0-1206-g41278d8d1d (webtiles) character file.

Game seed: 9389627271130358747

54 gelatine the Trooper (level 3, -2/29 HPs)
             Began as a Demonspawn Fighter on Dec 13, 2023.
             Slain by an iguana (8 damage)
             ... on level 3 of the Dungeon.
             The game lasted 00:03:05 (1714 turns).

gelatine the Trooper (Demonspawn Fighter)           Turns: 1714, Time: 00:03:05

Health: -2/29      AC:  8    Str: 18    XL:     3   Next: 66%
Magic:  4/4        EV:  9    Int:  8    God:
Gold:   131        SH:  5    Dex: 18    Spells: 3/3 levels left

rFire   . . .        a - +0 war axe
rCold   . . .        c - +0 buckler
rNeg    . . .        b - +0 scale mail
rPois   .            (no helmet)
rElec   .            (no cloak)
rCorr   .            (no gloves)
SInv    .            (no boots)
Will    .....        (no amulet) Stlth
                     h - +6 ring of dexterity
HPRegen 0.24/turn    (no ring)
MPRegen 0.09/turn

%: no passive effects
@: no status effects
A: thin metallic scales 1
a: no special abilities


You were on level 3 of the Dungeon.
You visited 1 branch of the dungeon, and saw 3 of its levels.

You collected 131 gold pieces.

Inventory:

Hand Weapons
 a - a +0 war axe (weapon)
Missiles
 l - 6 javelins
Armour
 b - a +0 scale mail (worn)
 c - a +0 buckler (worn)
 f - a +0 kite shield
 n - a +0 plate armour
Jewellery
 h - a +6 ring of dexterity (left hand)
Talismans
 m - a serpent talisman
Scrolls
 e - 2 scrolls of identify {unknown}
 i - a scroll of enchant armour {unknown}
 j - a scroll of poison {unknown}
 k - a scroll of immolation {unknown}
Potions
 d - a potion of might
 g - a potion of mutation {unknown}


   Skills:
 + Level 3.3 Fighting
 * Level 2.3 Axes
 + Level 3.1 Armour
 * Level 0.4 Dodging
 * Level 0.4 Stealth
 + Level 2.9 Shields
 * Level 0.7 Spellcasting


You had 3 spell levels left.
You didn't know any spells.
Your spell library contained the following spells:

 Spells                   Type           Power      Damage    Failure   Level
 Blink                    Tloc           0%         N/A       94%         2
 Lesser Beckoning         Tloc           0%         N/A       94%         2
 Momentum Strike          Conj/Tloc      0%         3d8       94%         2
 Manifold Assault         Tloc           0%         N/A       100%        4
 Dispersal                Tloc           0%         N/A       100%        6
 Disjunction              Tloc           0%         N/A       100%        8


Dungeon Overview and Level Annotations

Branches:
Dungeon (3/15)

Altars:

Shops:
D:2 :


Innate Abilities, Weirdness & Mutations

You are partially covered in thin metallic scales. (AC +2)


Message History

Found an escape hatch in the floor.
The hobgoblin hits you but does no damage.
You closely miss the hobgoblin. The hobgoblin closely misses you.
The hobgoblin hits you.
You slash the hobgoblin!
You kill the hobgoblin!
You see here a serpent talisman.
m - a serpent talisman
Found an escape hatch in the ceiling.
An endoplasm comes into view.
The endoplasm quivers.
The endoplasm hits you but does no damage.
You hit the endoplasm.
The endoplasm is severely wounded.
You block the endoplasm's attack.
You hit the endoplasm.
You kill the endoplasm!
Found a plate armour.
Found a stone staircase leading down.
You see here a +0 plate armour.
n - a +0 plate armour
There is a stone staircase leading down here.
An iguana comes into view.
The iguana hisses angrily.
The iguana bites you.
You completely miss the iguana. The iguana misses you.
You hit the iguana.
The iguana is moderately wounded.
The iguana bites you! The iguana bites you.
You slash the iguana!
The iguana is severely wounded.
The iguana barely misses you.
You hit the iguana but do no damage.
The iguana is severely wounded.
The iguana bites you. x2
* * * LOW HITPOINT WARNING * * *
You hit the iguana.
The iguana is almost dead.
The iguana bites you!
You die...

#.# .
####.####
#.......#
#.##.##># #
#.##.# #.##.#
#.##.#
#.##.##.#
#...l@..#
####.........#
######.#..# .#
. . ##


You could see an iguana.

Vanquished Creatures
  An adder (D:2)
  3 worms
  6 endoplasms
  4 giant cockroaches
  5 hobgoblins
  2 quokkas (D:1)
  2 ball pythons (D:1)
  A bat (D:1)
  A frilled lizard (D:1)
  A goblin (D:1)
  6 kobolds
  2 rats
34 creatures vanquished.

Notes
Turn   | Place    | Note
-------+----------+-------------------------------------------
     0 | D:1      | gelatine the Demonspawn Fighter began the quest for the
                  | Orb.
     0 | D:1      | Reached XP level 1. HP: 18/18 MP: 1/1
   135 | D:1      | Gained mutation: You are partially covered in thin metallic
                  | scales. (AC +2) [demonic ancestry]
   135 | D:1      | Reached XP level 2. HP: 24/24 MP: 2/2
   773 | D:2      | Found Dylaim's Vocational Training.
   884 | D:2      | Reached XP level 3. HP: 29/29 MP: 3/3
  1365 | D:3      | Found a faded altar of an unknown god.
  1714 | D:3      | Slain by an iguana

Illustrated notes

Levels and vault maps discovered:
D:1:      dpeg_arrival_rooms_a, layout_loops_ring
D:2:      layout_loops_ring, nicolae_shop_vocational
D:3:      layout_loops_cross, shapermc_ecumenical_altar_gd, uniq_jessica

Skill      XL: |  1  2 |
---------------+-------+-----
Armour         | 3 |  3.1
Axes           | 2 |  2.3
Fighting       | |  3.3
Dodging        | |  0.4
Stealth        | |  0.4
Shields        | |  2.9
Spellcasting   | |  0.7

Action                     || total
---------------------------++-------
  Melee: War axe           ||    90
 Armour: Scale mail        ||    62
  Dodge: Dodged            ||    29
  Block: Buckler           ||    18

Table legend: (Time is in decaauts)
 A = Elapsed time spent in this place.
 B = Non-inter-level travel time spent in this place.
 C = Inter-level travel time spent in this place.
 D = Time resting spent in this place.
 E = Time spent auto-exploring this place.
 F = Levels seen in this place.
 G = Mean time per level.
                   A        B        C        D        E       F      G
               +--------+--------+--------+--------+--------+-----+--------+
         Total |   1751 |   1696 |     55 |      0 |   1352 |   3 |  583.7 |
       Dungeon |   1751 |   1696 |     55 |      0 |   1352 |   3 |  583.7 |
               +--------+--------+--------+--------+--------+-----+--------+

Top non-repeatable levels by time:
     D:1: 699 daAuts
     D:2: 671 daAuts
     D:3: 380 daAuts
